[Event "Srdja Dragasevic Memorial-A 2024"]
[Site "Cetinje"]
[Date "2024.06.23"]
[Round "2.18"]
[White "Ramaj, Ergit"]
[Black "Sukovic, Andrej"]
[Result "0-1"]
[ECO "B90"]
[WhiteElo "2128"]
[BlackElo "2350"]
[Annotator "RC"]
[PlyCount "80"]
[EventDate "2024.06.23"]
[EventType "swiss"]
[EventCountry "MNE"]
[SourceTitle "playchess.com"]
[Source "ChessBase"]
[SourceQuality "1"]
[TimeControl "40/5400+30:1800+30"]

1. e4 c5 2. Nf3 d6 3. d4 cxd4 4. Nxd4 Nf6 5. Nc3 a6 6. a3 e5 7. Nf5 d5 8. Bg5 d4 9. Bxf6 Qxf6 10. Nd5 Qd8 11. Qg4 Bxf5 12. Qxf5 Bd6 13. Bc4 O-O 14. Qf3 Nc6 15. h4 Ne7 16. Nxe7+ Qxe7 17. g4 b5 18. Bb3 a5 19. a4 bxa4 20. Rxa4 Kh8 21. Kf1 Bc5 22. Kg2 Ra6 23. Rha1 Rf6 24. Qd3 Rf4 25. f3 f5 26. gxf5 Rxh4 27. Rg1 Qg5+ 28. Kf1 Qc1+ 29. Kg2 Qh6 30. Kf1 Rh2 31. Ra1 Bb4 32. c3 dxc3 33. bxc3 Bc5 34. Ra2 Qh3+ 35. Ke1 Qh4+ 36. Kd1 Bxg1 37. Rxh2 Bxh2 38. Qb5 Qf2 39. Bd5 Bf4 40. Qd3 Qe3 0-1